[Event "*** Titled Tuesday 3|2 Blitz"]
[Site "Chess.com"]
[Date "2016.10.04"]
[Round "2"]
[White "Drags95"]
[Black "kikydu96"]
[Result "1-0"]
[WhiteElo "2417"]
[BlackElo "2295"]
[TimeControl "180+2"]
[EndTime "11:19:39 PDT"]
[Termination "Drags95 won by resignation"]

1. d4 d5 2. c4 c6 3. Nc3 Nf6 4. Nf3 dxc4 5. a4 Bf5 6. Nh4 e6 7. Nxf5 exf5 8. e3 Bb4 9. Bxc4 O-O 10. O-O Nbd7 11. Qb3 Qb6 12. Bd2 c5 13. Rad1 cxd4 14. exd4 Rac8 15. Rfe1 Bxc3 16. bxc3 Qxb3 17. Bxb3 Ne4 18.
c4 Nxd2 19. Rxd2 Nf6 20. f3 Rfe8 21. Rxe8+ Rxe8 22. Kf2 Kf8 23. c5 Rc8 24. a5 b6 25.
cxb6 axb6 26. a6 Ra8 27. Ra2 Ra7 28. Ke3 Ke7 29. Kd3 Ne8 30. Bd5 Nc7 31. Bb7 Kd6 32.
Kc4 f6 33. d5 g5 34. g3 h6 35.
f4 gxf4 36. gxf4 Ne8 37. Kb5 Kc7 38. Rc2+ 1-0

[Event "*** Titled Tuesday 3|2 Blitz"]
[Site "Chess.com"]
[Date "2016.10.04"]
[Round "2"]
[White "Keranke"]
[Black "hypert"]
[Result "1-0"]
[WhiteElo "2625"]
[BlackElo "2288"]
[TimeControl "180+2"]
[EndTime "11:19:44 PDT"]
[Termination "Keranke won by resignation"]

1. d4 Nf6 2. c4 e6 3. g3 d5 4. Bg2 Bb4+ 5. Nd2 O-O 6. Nf3 dxc4 7. O-O c3 8. Nc4 cxb2 9. Bxb2 Nc6 10. Nfe5 Nxe5 11. Nxe5 c6 12. Qb3 a5 13. Rab1 Bd6 14.
Ba3 Bxa3 15. Qxa3 Nd7 16. Nc4 Ra6 17. Rfc1 Nf6 18. Qc5 Nd5 19. a3 b6 20. Qxc6 Ne7 21.
Qd6 Nf5 22. Qxd8 Rxd8 23. Nxb6 Ne7 24. Nxc8 Nxc8 25. Rb8 Rad6 26. Rcxc8 1-0

[Event "*** Titled Tuesday 3|2 Blitz"]
[Site "Chess.com"]
[Date "2016.10.04"]
[Round "2"]
[White "AdrianaNikolova"]
[Black "Carolina-moon"]
[Result "0-1"]
[WhiteElo "2242"]
[BlackElo "2171"]
[TimeControl "180+2"]
[EndTime "11:20:02 PDT"]
[Termination "Carolina-moon won on time"]

1. e4 c5 2. Nf3 d6 3. d4 Nf6 4. Nc3 cxd4 5. Nxd4 a6 6. Bg5 e6 7. f4 Be7 8. Qf3 Qc7 9. O-O-O Nbd7 10. g4 b5 11. Bxf6 Bxf6 12. Bxb5 Rb8 13. Ba4 O-O 14. Bb3 Qb6 15. Nde2 Nc5 16. f5 a5 17. a4 Nxb3+ 18.
cxb3 Qxb3 19. Rd2 Bg5 20. Nf4 e5 21. Kb1 Bxf4 22. Rf2 Bb7 23. Re1 Rfc8 24. Rc2 Ba6 25. h4 Rc4 26. g5 Rd4 27. Rg2 Rd3 28. Qf2 Rxc3 29. g6 Rc2 0-1

[Event "*** Titled Tuesday 3|2 Blitz"]
[Site "Chess.com"]
[Date "2016.10.04"]
[Round "2"]
[White "petrpalachev"]
[Black "stefanodinn"]
[Result "0-1"]
[WhiteElo "2385"]
[BlackElo "2223"]
[TimeControl "180+2"]
[EndTime "11:20:31 PDT"]
[Termination "stefanodinn won on time"]

1. e4 c5 2. Nf3 d6 3. d4 cxd4 4. Nxd4 Nf6 5. Nc3 a6 6. Be3 e6 7.
f3 b5 8. Qd2 Nbd7 9. g4 h6 10.
h4 b4 11. Nce2 d5 12. Ng3 dxe4 13. O-O-O Qc7 14. Nxe4 Bb7 15. Nxf6+ Nxf6 16. Bf4 Qb6 17. Bc4 Bc5 18. Be5 O-O-O 19. Qf4 Rd7 20. Bxf6 gxf6 0-1

[Event "*** Titled Tuesday 3|2 Blitz"]
[Site "Chess.com"]
[Date "2016.10.04"]
[Round "2"]
[White "ulises2013"]
[Black "wonderfultime"]
[Result "0-1"]
[WhiteElo "2309"]
[BlackElo "2684"]
[TimeControl "180+2"]
[EndTime "11:20:38 PDT"]
[Termination "wonderfultime won by resignation"]

1. e4 c5 2. Nf3 d6 3. d4 cxd4 4. Nxd4 Nf6 5. Nc3 g6 6. f4 Nc6 7. Be3 Bg7 8. Be2 O-O 9. O-O Bd7 10. Qd2 Rc8 11. Rad1 Re8 12. Bf3 Qa5 13. a3 a6 14. Nb3 Qc7 15. Rfe1 Na5 16. Nxa5 Qxa5 17. Qf2 Ng4 18. Bxg4 Bxg4 19. Rd5 Qc7 20. Rd3 Be6 21. Bd4 Bc4 22. Rd2 e5 23. fxe5 dxe5 24. Be3 Rf8 25. Nd5 Bxd5 26. exd5 f5 27. d6 Qd7 28.
Bb6 Rce8 29. c3 e4 30. Bd4 f4 31. Bxg7 e3 0-1

[Event "*** Titled Tuesday 3|2 Blitz"]
[Site "Chess.com"]
[Date "2016.10.04"]
[Round "2"]
[White "LonesomeGeorge1"]
[Black "BjarkeSahl"]
[Result "1-0"]
[WhiteElo "2180"]
[BlackElo "2109"]
[TimeControl "180+2"]
[EndTime "11:20:38 PDT"]
[Termination "LonesomeGeorge1 won by resignation"]

1. e4 e5 2. Nf3 Nc6 3. Bb5 a6 4.
Ba4 Bc5 5. c3 Nf6 6. d3 b5 7.
Bb3 d6 8. Qe2 h6 9. O-O O-O 10.
Be3 Be6 11. Nbd2 Qe7 12. d4 Bxb3 13. axb3 exd4 14. cxd4 Bb4 15. d5 Bxd2 16. Nxd2 Ne5 17. Rfc1 Ng6 18. f3 Nh5 19. Rc6 f5 20. Rcxa6 Rae8 21.
Qxb5 fxe4 22. Nxe4 Ne5 23. Rf1 Ng4 24. Bf2 Nxh2 25.
Kxh2 Qe5+ 1-0

[Event "*** Titled Tuesday 3|2 Blitz"]
[Site "Chess.com"]
[Date "2016.10.04"]
[Round "2"]
[White "jcibarra"]
[Black "Spas_Kozhuharov"]
[Result "1-0"]
[WhiteElo "2702"]
[BlackElo "2469"]
[TimeControl "180+2"]
[EndTime "11:20:40 PDT"]
[Termination "jcibarra won by resignation"]

1. e4 c6 2. d4 d5 3. e5 c5 4.
dxc5 e6 5. a3 Nc6 6. Nf3 Bxc5 7.
b4 Bb6 8. Bb2 f6 9. b5 Nxe5 10.
Nxe5 fxe5 11. Qh5+ Kf8 12. Qxe5 Nf6 13. Be2 Bd7 14.
O-O Rc8 15. Bd3 Qc7 16. Qg5 h6 17. Qh4 g5 18. Qg3 Qxg3 19. hxg3 Ke7 20. Nd2 h5 21. Nf3 Rcg8 22. Ne5 h4 23. Nxd7 Kxd7 24. Bxf6 Rh6 25. Be5 hxg3 26. c3 gxf2+ 27. Rxf2 Bxf2+ 28. Kxf2 Rf8+ 29. Ke3 Rh4 30. a4 g4 31. a5 Rh5 32.
Bd4 Ra8 33. Rf1 e5 34. Bc5 e4 35. Be2 Rg5 36. Rf7+ Ke6 37. Rxb7 1-0

[Event "*** Titled Tuesday 3|2 Blitz"]
[Site "Chess.com"]
[Date "2016.10.04"]
[Round "2"]
[White "johnathan113"]
[Black "Noukii"]
[Result "0-1"]
[WhiteElo "2273"]
[BlackElo "2624"]
[TimeControl "180+2"]
[EndTime "11:20:44 PDT"]
[Termination "Noukii won by resignation"]

1. d4 Nf6 2. Nc3 d5 3. Bf4 c5 4. e3 cxd4 5. exd4 Bg4 6. f3 Bd7 7. Bd3 Qb6 8. Nge2 g6 9. Be5 Bg7 10. Nxd5 Qa5+ 11. Nec3 Nxd5 12. Bxg7 Rg8 13. Bh6 Nxc3 14.
Qd2 Nc6 15. Qxc3 Qxc3+ 16. bxc3 Rc8 17. Kd2 Na5 18. Rab1 b6 19. Rhe1 Be6 20. Bg5 Rc7 21.
a4 Bc4 22. Re5 Bxd3 23. cxd3 Nc6 24. Re2 Rd7 25. Rbe1 e6 26. Rb1 Rd5 27. Rb5 Kd7 28. Rxd5+ exd5 29. c4 Re8 30. Rxe8 Kxe8 31. Kc3 Kd7 32.
cxd5 Ne7 33. Bxe7 Kxe7 34. Kc4 a6 35. g3 Kd6 36. h3 g5 37. f4 gxf4 38. gxf4 f5 39.
h4 h5 40. Kb3 Kxd5 41. Kc3 b5 42. axb5 axb5 43. Kb4 Kxd4 44. Kxb5 Kxd3 45. Kc5 Ke4 0-1

[Event "*** Titled Tuesday 3|2 Blitz"]
[Site "Chess.com"]
[Date "2016.10.04"]
[Round "2"]
[White "Sanan_Sjugirov"]
[Black "TomsKantans"]
[Result "1-0"]
[WhiteElo "2702"]
[BlackElo "2453"]
[TimeControl "180+2"]
[EndTime "11:20:47 PDT"]
[Termination "Sanan_Sjugirov won by resignation"]

1. d4 Nf6 2. Nf3 g6 3. Bg5 Bg7 4. Nbd2 O-O 5. e3 h6 6. Bh4 b6 7.
Bd3 Bb7 8. O-O d6 9. a4 a5 10. e4 Nh5 11. Re1 Nd7 12. c3 Nf4 13. Bc4 Qe8 14.
Bg3 Nh5 15. d5 Nxg3 16. hxg3 Nf6 17. Bb5 Qc8 18. Nd4 Qg4 19. Bc6 Bxc6 20. Nxc6 Rfe8 21.
Nb3 e6 22. dxe6 Rxe6 23. Nbd4 Ree8 24. Qxg4 Nxg4 25. Nb5 Rac8 26. Nca7 Ra8 27. Nxc7 Rxa7 28. Nxe8 Bf8 29. f3 Ne5 30. Nf6+ Kg7 31. Nd5 Rb7 32. Rab1 Nc4 33. b3 Ne5 34. b4 axb4 35. cxb4 g5 36.
Rec1 Nd3 37. Rc3 1-0

[Event "*** Titled Tuesday 3|2 Blitz"]
[Site "Chess.com"]
[Date "2016.10.04"]
[Round "2"]
[White "Wolverine_master"]
[Black "cstefan"]
[Result "1-0"]
[WhiteElo "2045"]
[BlackElo "1992"]
[TimeControl "180+2"]
[EndTime "11:20:47 PDT"]
[Termination "Wolverine_master won by checkmate"]

1. e4 e5 2. Nf3 Nc6 3. d4 exd4 4. Bc4 Nf6 5. e5 d5 6. Bb5 Ne4 7. Nxd4 Bd7 8. Bxc6 bxc6 9. f3 Ng5 10. f4 Ne4 11.
O-O Bc5 12. Be3 Bb6 13. Nc3 c5 14. Nb3 Bb5 15. Nxb5 d4 16. Bc1 c4 17. Nd2 d3+ 18. Kh1 Nf2+ 19. Rxf2 Bxf2 20. Nxc4 O-O 21. Qxd3 Qh4 22.
Bd2 Rad8 23. Qf3 a6 24. Nc3 Ba7 25. Ne4 Rd4 26. b3 Bb6 27. Be3 Rd7 28. Bxb6 cxb6 29.
Nxb6 Rdd8 30. c4 Qe7 31. Nd5 Qa3 32. Qh3 h6 33. Nef6+ Kh8 34. Ng4 Qb2 35. Rg1 Kh7 36.
Qd3+ Kg8 37. Ngf6+ gxf6 38. Nxf6+ Kg7 39. Qh7# 1-0

[Event "*** Titled Tuesday 3|2 Blitz"]
[Site "Chess.com"]
[Date "2016.10.04"]
[Round "2"]
[White "oskariot"]
[Black "Schemato"]
[Result "1-0"]
[WhiteElo "2381"]
[BlackElo "2320"]
[TimeControl "180+2"]
[EndTime "11:20:51 PDT"]
[Termination "oskariot won by resignation"]

1. e4 e6 2. d4 d5 3. Nd2 Be7 4. Bd3 c5 5. dxc5 Nf6 6. Ngf3 O-O 7.
O-O a5 8. c3 Na6 9. Bc2 Nxc5 10. e5 Nfd7 11. Nb3 Nxb3 12. axb3 b6 13. Qd3 g6 14. Re1 Ba6 15. Qe3 Qc7 16. Qh6 Nc5 17.
Ng5 Bxg5 18. Bxg5 f5 19. exf6 Qf7 20. Re3 Rfe8 21. Rae1 Nd7 22. Rxe6 Rxe6 23. Rxe6 Qf8 24. Qxf8+ Rxf8 25. Rd6 Bc8 26. h4 Kf7 27. Bd1 Re8 28.
Bf3 Re1+ 29. Kh2 Re5 30. Bxd5+ Ke8 31. f7+ Kf8 32. Rxd7 Bxd7 33. Bh6+ 1-0

[Event "*** Titled Tuesday 3|2 Blitz"]
[Site "Chess.com"]
[Date "2016.10.04"]
[Round "2"]
[White "TheCount"]
[Black "Oleksandr_Bortnyk"]
[Result "0-1"]
[WhiteElo "2465"]
[BlackElo "2722"]
[TimeControl "180+2"]
[EndTime "11:20:57 PDT"]
[Termination "Oleksandr_Bortnyk won by checkmate"]

1. d4 g6 2. c4 Bg7 3. e4 c5 4. d5 d6 5. Ne2 Nf6 6. Nec3 b5 7. cxb5 a6 8. b6 O-O 9. Nd2 Nbd7 10. a4 Qxb6 11. a5 Qc7 12. Nc4 Rb8 13. Be2 Rb4 14. O-O Ne5 15. Nxe5 dxe5 16. f3 Ne8 17. b3 Nd6 18. Ba3 Rd4 19. Qc2 Bh6 20. Bc1 Bxc1 21.
Rfxc1 f5 22. Bd3 e6 23. Ne2 fxe4 24. Bxe4 exd5 25. Bxg6 Rh4 26. Bd3 e4 27. fxe4 Nxe4 28.
g3 Rf2 29. Bxe4 Rhxh2 30. Qxc5 Qxc5 31. Rxc5 Be6 32. Nf4 dxe4 33. Nxe6 Rfg2+ 34. Kf1 e3 35. Nf4 Rxg3 36. Re1 Rf2# 0-1

[Event "*** Titled Tuesday 3|2 Blitz"]
[Site "Chess.com"]
[Date "2016.10.04"]
[Round "2"]
[White "GMKrikor"]
[Black "filali-oujda"]
[Result "1-0"]
[WhiteElo "2581"]
[BlackElo "2300"]
[TimeControl "180+2"]
[EndTime "11:20:57 PDT"]
[Termination "GMKrikor won by resignation"]

1. e4 c6 2. d4 d5 3. e5 Bf5 4.
Nf3 e6 5. Be2 Nd7 6. O-O c5 7.
c4 dxc4 8. d5 exd5 9. Qxd5 Be6 10. Qxb7 Nb6 11. Nc3 Qc8 12. Qe4 h6 13. a4 Ne7 14. a5 Nbd5 15. Bxc4 Nxc3 16. bxc3 Bxc4 17. Qxc4 Qc6 18. Rd1 Ng6 19. Be3 Be7 20. Nd4 Nxe5 21. Nxc6 Nxc4 22. Bf4 Bf6 23. Rd5 O-O 24. Rxc5 Nb2 25.
Be3 a6 26. Bd4 Nd3 27. Rc4 Bg5 28. g3 Bd8 29. Rb1 Bc7 30. Rb7 Bd6 31. Rd7 Nb2 32.
Rb4 Bxb4 33. cxb4 Nc4 34. Bc5 Rfe8 35. Kg2 Na3 36. Ne7+ Kh8 37. Nf5 Kg8 38. Nd6 Rf8 39. Rb7 Nb5 40. Nxb5 axb5 41. Bxf8 Rb8 42. Rxb8 Kh7 43.
a6 1-0

[Event "*** Titled Tuesday 3|2 Blitz"]
[Site "Chess.com"]
[Date "2016.10.04"]
[Round "2"]
[White "sandropozo"]
[Black "Paralinch"]
[Result "0-1"]
[WhiteElo "2344"]
[BlackElo "2567"]
[TimeControl "180+2"]
[EndTime "11:21:03 PDT"]
[Termination "Paralinch won by checkmate"]

1. d4 d5 2. c4 c6 3. Nc3 Nf6 4. Nf3 a6 5. g3 dxc4 6. Bg2 b5 7. Ne5 Bb7 8. O-O e6 9. b3 cxb3 10.
axb3 Nbd7 11. Qc2 Nxe5 12. dxe5 Nd5 13. Ne4 Be7 14. Rd1 O-O 15. Ba3 b4 16. Bb2 c5 17.
Nd6 Qb6 18. e4 Nc7 19. Nc4 Qb5 20. Nd6 Qc6 21. Nxb7 Qxb7 22. Rd7 Rfe8 23. Bf1 Qc6 24. Rad1 Nb5 25. R7d2 h6 26. Bc4 Rad8 27. Bd5 exd5 28. exd5 Qg6 29. Qc4 Na3 30. Qe2 Bf8 31. f4 a5 32. Qf3 a4 33. f5 Qb6 34. f6 axb3 35.
e6 Rxe6 36. dxe6 Rxd2 37. exf7+ Kh7 38. Rxd2 g6 39. Rd7 Nc4 40. Bc1 Ne5 41. Qb7 Nxd7 42.
Qxd7 c4+ 43. Kf1 Qxf6+ 44. Kg2 b2 45. Bxh6 b1=Q 46. Bxf8 Qbf1# 0-1

[Event "*** Titled Tuesday 3|2 Blitz"]
[Site "Chess.com"]
[Date "2016.10.04"]
[Round "2"]
[White "GMNeiksans"]
[Black "ChessWarrior7197"]
[Result "1-0"]
[WhiteElo "2659"]
[BlackElo "2469"]
[TimeControl "180+2"]
[EndTime "11:21:06 PDT"]
[Termination "GMNeiksans won by resignation"]

1. e4 c5 2. Nf3 d6 3. d4 cxd4 4.
Nxd4 Nf6 5. Nc3 a6 6. Be2 e5 7. Nb3 Be7 8. Bg5 Nbd7 9. a4 b6 10. O-O Bb7 11. f3 O-O 12. Be3 Nc5 13. Nxc5 bxc5 14. Bc4 Nd7 15. Nd5 Rb8 16. b3 Bxd5 17. Bxd5 Nb6 18. Rf2 Nxd5 19. Qxd5 Qc8 20. c3 Qe6 21.
Rb2 Qxd5 22. exd5 Bf6 23. Bd2 Rb7 24. Rab1 Rfb8 25. Kf1 Kf8 26. Ke2 Ke7 27. Kd3 Kd7 28.
Kc4 Bd8 29. b4 cxb4 30. Rxb4 Rxb4+ 31. cxb4 Bb6 32. Kd3 Ba7 33. Rc1 Rc8 34. Rxc8 Kxc8 35. g4 f6 36. Ke4 g6 37. b5 axb5 38. axb5 Kc7 39. Bb4 Bf2 40. h3 Ba7 41. Ba3 Bd4 42. f4 Ba7 43. f5 Bb8 44. fxg6 hxg6 45. h4 Ba7 46. h5 f5+ 47. gxf5 gxh5 48. f6 Kd7 49. Kf5 h4 50. f7 Ke7 51. Kg6 1-0

[Event "*** Titled Tuesday 3|2 Blitz"]
[Site "Chess.com"]
[Date "2016.10.04"]
[Round "2"]
[White "Ar4uha"]
[Black "Lukianoo"]
[Result "0-1"]
[WhiteElo "2460"]
[BlackElo "2733"]
[TimeControl "180+2"]
[EndTime "11:21:15 PDT"]
[Termination "Lukianoo won by resignation"]

1. e4 c6 2. Nc3 d5 3. Qe2 d4 4.
Nd1 e5 5. g3 Nf6 6. d3 Bb4+ 7.
Bd2 Bxd2+ 8. Qxd2 c5 9. f4 Nc6 10. Bh3 Bxh3 11. Nxh3 O-O 12. O-O h6 13. Ndf2 exf4 14.
Nxf4 Ne5 15. Kg2 g5 16. Ne2 Nfg4 17. Nxg4 Nxg4 18. Kg1 Ne3 19. Rf3 f5 20. exf5 Qd5 21. Rxe3 dxe3 22. Qxe3 Rxf5 23. Nc3 Qd4 24. Qxd4 cxd4 25.
Ne4 Rb5 26. b3 Rb6 27. h4 gxh4 28. gxh4 Rc8 29. Kh2 Rxc2+ 30. Kh3 Rg6 31. Rf1 Re2 32. h5 Re3+ 33. Kh4 Rg2 34. Nf6+ Kg7 35. Ng4 Rxd3 36. Rf4 Rd1 37. Kh3 Re2 38. Kg3 d3 39. Rd4 Rg1+ 40. Kf3 Rf1+ 41. Kg3 d2 42. Rd7+ Kf8 0-1

[Event "*** Titled Tuesday 3|2 Blitz"]
[Site "Chess.com"]
[Date "2016.10.04"]
[Round "2"]
[White "Scott-fox21"]
[Black "micfel"]
[Result "1-0"]
[WhiteElo "2159"]
[BlackElo "2138"]
[TimeControl "180+2"]
[EndTime "11:21:18 PDT"]
[Termination "Scott-fox21 won by resignation"]

1. d4 d5 2. c4 c6 3. Nf3 e6 4.
Qc2 Nf6 5. Bg5 Be7 6. Nc3 O-O 7. e3 Nbd7 8. cxd5 cxd5 9. Bd3 h6 10. Bh4 a6 11. O-O b5 12. Rac1 Bb7 13. a3 Rc8 14. Qe2 Re8 15. Ne5 Nb6 16. f4 Nc4 17. Bxc4 dxc4 18. f5 exf5 19. Rxf5 Ne4 20. Rxf7 Bxh4 21. Rxb7 Nxc3 22. bxc3 Qd5 23. Rd7 Qe4 24. Rf1 Re7 25. Rxe7 Bxe7 26. Qf3 Qxf3 27. gxf3 Bxa3 28. Ra1 Bb2 29.
Rxa6 Bxc3 30. Nc6 Kh7 31. d5 b4 32. d6 Bf6 33. d7 Rxc6 34. Rxc6 b3 35. Rxc4 b2 36. Rb4 Kg8 37. Rxb2 Kf7 38. Rb7 Ke7 39. e4 Be5 40. Kg2 Bf4 41. h4 g5 42. h5 Kd8 43.
Kh3 Ke7 44. Kg4 Kd8 45. Kf5 Ke7 46. Kg6 Kd8 47. Kf5 Ke7 48. Ra7 Kd8 49. Ke6 Bb8 50. Ra8 1-0

[Event "*** Titled Tuesday 3|2 Blitz"]
[Site "Chess.com"]
[Date "2016.10.04"]
[Round "2"]
[White "Semetey"]
[Black "RodinMihail"]
[Result "1-0"]
[WhiteElo "2414"]
[BlackElo "2346"]
[TimeControl "180+2"]
[EndTime "11:21:19 PDT"]
[Termination "Semetey won by resignation"]

1. d4 d5 2. c4 e6 3. Nc3 c6 4.
Bf4 dxc4 5. e3 b5 6. a4 b4 7.
Ne4 Ba6 8. Qg4 f5 9. Qh5+ g6 10. Qh3 fxe4 11. Be5 Nf6 12. Qxe6+ Qe7 13. Qxf6 Qxf6 14.
Bxf6 Rg8 15. Rc1 Nd7 16. Bh4 b3 17. Bxc4 Bb4+ 18. Kd1 Bxc4 19. Rxc4 c5 20. dxc5 a5 21. Rxe4+ Kf8 22. c6 Nc5 23. Be7+ Kf7 24. Bxc5 Bxc5 25. Ne2 Rac8 26. Rc4 Rxc6 27. Nd4 Rcc8 28. Ke2 Bxd4 29. Rxd4 Rc2+ 30. Rd2 Rgc8 31. Rd1 R8c4 32. Rxc2 Rxc2+ 33. Rd2 Rc4 34. Kd3 Rc1 35. Kd4 Ke6 36. e4 g5 37. f3 h5 38. g3 Rc2 39. Kd3 Rc1 40.
f4 gxf4 41. gxf4 Rf1 42. Ke3 Re1+ 43. Kd4 Rf1 44. f5+ Kf6 45. Rd3 Rf2 46. Rxb3 Rd2+ 47. Ke3 Rxh2 48. Rb6+ Kg5 49. Rg6+ Kh4 50. f6 Rxb2 51.
f7 Rb3+ 52. Kf4 Rb1 53. Rf6 Rb8 54. f8=Q Rc8 55. Qe7 1-0

[Event "*** Titled Tuesday 3|2 Blitz"]
[Site "Chess.com"]
[Date "2016.10.04"]
[Round "2"]
[White "Dale"]
[Black "Usurpov"]
[Result "1-0"]
[WhiteElo "2049"]
[BlackElo "2288"]
[TimeControl "180+2"]
[EndTime "11:21:25 PDT"]
[Termination "Dale won on time"]

1. h4 d5 2. Nf3 c6 3. c4 e6 4. d4 Nf6 5. Qc2 Ne4 6. g4 f5 7. gxf5 exf5 8. Rg1 dxc4 9. Qxc4 b5 10. Qb3 Qd5 11.
Qxd5 cxd5 12. e3 a6 13. Nc3 Bb7 14. h5 Nd7 15. Nxe4 dxe4 16. Nh4 Kf7 17. Nxf5 Nf6 18. Be2 Rc8 19. Bd2 g6 20. Ng3 Rc2 21. a4 Bd6 22.
axb5 axb5 23. Ra7 Rb8 24. hxg6+ hxg6 25. Bxb5 Rxb2 26. Bc4+ Ke7 27. Ne2 Ra8 28. Rxa8 Bxa8 29. Rxg6 Rb1+ 30. Bc1 Bd5 31. Bxd5 Nxd5 32. Kd2 Ra1 33.
Rg7+ Ke6 34. Rb7 Ra2+ 35. Rb2 Ra8 36. Nc3 Bb4 37. Rxb4 Nxb4 38. Nxe4 Kd5 39. Nc5 Kc4 40. Ke2 Ra2+ 41. Kf3 1-0

[Event "*** Titled Tuesday 3|2 Blitz"]
[Site "Chess.com"]
[Date "2016.10.04"]
[Round "2"]
[White "NTBT_DHS"]
[Black "maciek_92"]
[Result "1-0"]
[WhiteElo "2461"]
[BlackElo "2586"]
[TimeControl "180+2"]
[EndTime "11:21:30 PDT"]
[Termination "NTBT_DHS won on time"]

1. d4 Nf6 2. c4 e6 3. Nc3 Bb4 4. e3 O-O 5. Ne2 Re8 6. a3 Bf8 7. b4 a5 8. b5 b6 9. Ng3 d5 10. Bb2 Bb7 11. cxd5 exd5 12. Bd3 Nbd7 13. O-O g6 14.
Qc2 Bg7 15. a4 h5 16. h3 Nf8 17. Rac1 h4 18. Nge2 Ne6 19. f4 Nf8 20. Nd1 Rc8 21. Rf3 Qd7 22. Nf2 Ne4 23. f5 g5 24. Ng4 f6 25. Nc3 Nxc3 26. Bxc3 Qd6 27. Bb2 Nd7 28. Qb3 c5 29. bxc6 Rxc6 30. e4 Rxc1+ 31. Bxc1 Kh8 32. e5 fxe5 33. f6 Nxf6 34. dxe5 Rxe5 35. Nxe5 Qxe5 36. Qxb6 Qe7 37. Bxg5 Nd7 38. Qg6 Bd4+ 39. Kh1 1-0

[Event "*** Titled Tuesday 3|2 Blitz"]
[Site "Chess.com"]
[Date "2016.10.04"]
[Round "2"]
[White "GMOratovsky"]
[Black "Malev212"]
[Result "0-1"]
[WhiteElo "2406"]
[BlackElo "2338"]
[TimeControl "180+2"]
[EndTime "11:21:30 PDT"]
[Termination "Malev212 won on time"]

1. e4 c5 2. Nf3 Nc6 3. Bb5 g6 4.
Bxc6 dxc6 5. d3 Bg7 6. h3 Nf6 7.
Nc3 e5 8. Be3 Qe7 9. Qd2 Nd7 10.
Nh2 Nf8 11. f4 Qh4+ 12. Bf2 Qxf4 13. Qxf4 exf4 14. Bxc5 Ne6 15. Bf2 O-O 16. Nf3 b6 17. a4 Bd7 18. a5 b5 19. a6 c5 20. Rb1 b4 21. Nd5 Bb5 22. Bh4 Bxa6 23. O-O Bb7 24. Nf6+ Kh8 25. Nd7 Rfc8 26. Nfe5 Rc7 27. Nxf7+ Kg8 28. Nfe5 g5 29. Bf2 Rd8 30. Ra1 Rdxd7 31. Nxd7 Rxd7 32. Rxa7 Bxb2 33. Rb1 Bc3 34. Kh2 h5 35. Be1 Be5 36. Kg1 Kf7 37. Kf1 Bc6 38. Rxd7+ Bxd7 39. Ke2 g4 40. Bd2 Nd4+ 41. Kd1 gxh3 42.
gxh3 Bxh3 43. c3 Bg4+ 44. Ke1 Nf3+ 45. Kd1 Nxd2+ 46. Kxd2 Bxc3+ 47. Kc2 f3 0-1

[Event "*** Titled Tuesday 3|2 Blitz"]
[Site "Chess.com"]
[Date "2016.10.04"]
[Round "2"]
[White "AndrewMcStone"]
[Black "wannabe2700"]
[Result "0-1"]
[WhiteElo "2024"]
[BlackElo "2282"]
[TimeControl "180+2"]
[EndTime "11:21:30 PDT"]
[Termination "wannabe2700 won by resignation"]

1. d4 d5 2. c4 e6 3. Nc3 c5 4.
cxd5 exd5 5. Nf3 Nc6 6. g3 Nf6 7. Bg2 Be7 8. O-O O-O 9. Bg5 c4 10. Ne5 Be6 11. b3 h6 12. Be3 Qa5 13. Qd2 Bb4 14.
Rfc1 Rfd8 15. a3 Bxc3 16. Qxc3 Qxc3 17. Rxc3 cxb3 18. Nxc6 bxc6 19. Rxb3 Nd7 20. Bd2 Rdc8 21. Rc1 Nb6 22. Bb4 Nc4 23. e3 Rcb8 24. Rbb1 Rb6 25. Bc5 Rb5 26. Bf1 a6 27. Bxc4 dxc4 28. Kf1 Bf5 29.
Rxb5 axb5 30. Ke2 Bd3+ 31. Kd2 g5 32. Kc3 Kg7 33. Rd1 g4 34. Rd2 Kg6 35. Rb2 Kf5 36. Rb4 Rxa3+ 37. Kd2 Ra2+ 38. Ke1 Re2+ 39. Kd1 Rxf2 40. e4+ Kxe4 41. d5 Rf1+ 42. Kd2 Kxd5 0-1

[Event "*** Titled Tuesday 3|2 Blitz"]
[Site "Chess.com"]
[Date "2016.10.04"]
[Round "2"]
[White "Er_is_geen_hoop_meer"]
[Black "agser"]
[Result "1-0"]
[WhiteElo "2274"]
[BlackElo "2495"]
[TimeControl "180+2"]
[EndTime "11:21:35 PDT"]
[Termination "Er_is_geen_hoop_meer won on time"]

1. Nf3 d5 2. g3 c6 3. Bg2 Bg4 4.
O-O Nd7 5. c4 Bxf3 6. Bxf3 Ne5 7. cxd5 Nxf3+ 8. exf3 cxd5 9. Nc3 e6 10. Qa4+ Qd7 11.
Nb5 Rc8 12. b3 a6 13. Nc3 Qxa4 14. bxa4 Nf6 15. Rb1 Rc7 16. a5 Be7 17. Na4 O-O 18.
d3 Rb8 19. Bf4 Ne8 20. Bxc7 Nxc7 21. Rfc1 Nb5 22. Nc3 Na7 23. Na4 Nb5 24. Nb6 Bf6 25. Nd7 Rd8 26. Nxf6+ gxf6 27. a4 Nd4 28. Kg2 Rd7 29.
Rc8+ Kg7 30. Rb8 Rc7 31. R8xb7 Rc5 32. R1b4 Nf5 33. Rg4+ Kf8 34. Ra7 Rxa5 35. Rb4 h5 36.
g4 hxg4 37. fxg4 Nh6 38. h3 Kg7 39. Kg3 Kg6 40. f4 e5 41. f5+ Kg7 42. h4 Rc5 43. Rb3 Ra5 44. Kf3 Rxa4 45. g5 Nxf5 46. gxf6+ Kg6 47.
h5+ Kg5 48. Rb6 Nh6 49. Re7 Rf4+ 50. Ke2 Rf5 51. Rxa6 Kxh5 52. Rd6 d4 53. Rd5 Ng4 54. Rxf7 Rf2+ 55. Ke1 Rf3 56. Rd6 Kg5 57. Rg7+ Kf4 58. f7 Kg3 59. Rdg6 Re3+ 60. Kd2 1-0

[Event "*** Titled Tuesday 3|2 Blitz"]
[Site "Chess.com"]
[Date "2016.10.04"]
[Round "2"]
[White "GMHess"]
[Black "elefante33"]
[Result "1-0"]
[WhiteElo "2583"]
[BlackElo "2469"]
[TimeControl "180+2"]
[EndTime "11:21:37 PDT"]
[Termination "GMHess won by resignation"]

1. c4 e5 2. Nc3 Nf6 3. Nf3 Nc6 4. e3 g6 5. d4 d6 6. dxe5 Nxe5 7. Nxe5 dxe5 8. Qxd8+ Kxd8 9. b3 Be6 10.
Bb2 Nd7 11. O-O-O c6 12. Ne4 Kc7 13. Ng5 Re8 14. g3 f6 15. Nxe6+ Rxe6 16. Bh3 Re7 17. Rd2 Nc5 18. Rhd1 Rf7 19. b4 Ne4 20. Rd7+ Rxd7 21. Rxd7+ Kb8 22. Rd8+ Kc7 23. Rc8+ Kb6 24. c5+ Kb5 25. a3 Nxf2 26. Bf1+ Ka4 27. Bc4 Ng4 28. Rc7 Nxe3 29. Be6 Bh6 30. Rxb7 Nd5+ 31. Kc2 a6 32. Ra7 Ne3+ 33. Kb1 Kb5 34. Rb7+ Ka4 35. Rb6 Ra8 36. Ka2 Nd5 37. Bd7 Ne7 38. Rxc6 Kb5 39. Re6+ 1-0

[Event "*** Titled Tuesday 3|2 Blitz"]
[Site "Chess.com"]
[Date "2016.10.04"]
[Round "2"]
[White "Mugzyyy"]
[Black "Iuri_Shkuro"]
[Result "0-1"]
[WhiteElo "2486"]
[BlackElo "2502"]
[TimeControl "180+2"]
[EndTime "11:21:54 PDT"]
[Termination "Iuri_Shkuro won by checkmate"]

1. d4 Nc6 2. g3 e5 3. dxe5 Nxe5 4. Bg2 g6 5. Nd2 Bg7 6. Ngf3 Nxf3+ 7. Nxf3 Nf6 8. O-O O-O 9. c4 d6 10. Be3 Re8 11. Bd4 c5 12. Bc3 Be6 13. Rc1 Rc8 14. Ne1 d5 15. Bxf6 Qxf6 16. cxd5 Bg4 17. Rc2 c4 18. f3 Bd7 19. b3 cxb3 20. axb3 Qb6+ 21.
Kh1 Qxb3 22. Qd2 Bc3 23. Qg5 a5 24. e4 Bb5 25. Rg1 Bd4 26. Rxc8 Rxc8 27. d6 Bxg1 28. Kxg1 Qb4 29. Bf1 Qd4+ 30. Kg2 Bxf1+ 31. Kxf1 Qc4+ 32. Kg1 Qd4+ 33. Kg2 Rc5 34. Qe7 Rc1 35. d7 Rd1 36.
Nc2 Qxd7 37. Qc5 Rd2+ 38. Kg1 Qd3 39. Ne1 Qe2 40. Qc8+ Kg7 41. Qc3+ Kh6 42. Qc5 Qxe1# 0-1

[Event "*** Titled Tuesday 3|2 Blitz"]
[Site "Chess.com"]
[Date "2016.10.04"]
[Round "2"]
[White "Haridaskesavan"]
[Black "FrankieJay"]
[Result "0-1"]
[WhiteElo "2132"]
[BlackElo "2194"]
[TimeControl "180+2"]
[EndTime "11:21:57 PDT"]
[Termination "FrankieJay won by resignation"]

1. e4 c6 2. c4 d5 3. exd5 cxd5 4. cxd5 Nf6 5. Bb5+ Nbd7 6. Nc3 g6 7. d4 Bg7 8. Nf3 O-O 9. O-O a6 10. Ba4 Nb6 11.
Bb3 Nbxd5 12. Bg5 Re8 13. Re1 Be6 14. Ne5 Rc8 15. Qf3 b5 16. Bxf6 exf6 17. Nxd5 fxe5 18. dxe5 Rc5 19. Rad1 Qg5 20. Qe3 Qxe3 21. Rxe3 Bxd5 22. Bxd5 Rxe5 23. Rxe5 Bxe5 24. b3 Rc2 25. a4 b4 26.
g3 Bc7 27. Bc4 Bb6 28. Rf1 a5 29. Kg2 g5 30. h3 Kg7 31. Kf3 f5 32. g4 f4 33. h4 gxh4 34. Kxf4 Bxf2 35. Rd1 Bg3+ 36.
Kg5 h6+ 37. Kh5 h3 38. Rd7+ Kf6 39. Kxh6 Bf4+ 40. Kh5 h2 41. g5+ Bxg5 42. Bd5 Rc5 43. Rf7+ Ke5 44. Kxg5 Rxd5 45. Rh7 Kd4+ 46. Kg4 Kc3 47.
Rh3+ Kb2 48. Kf4 Rd2 49. Ke4 Kc2 50. Rh5 Kxb3 0-1